 Dungeon Crawl Stone Soup version 0.16-a0-1276-g18860b1 (webtiles) character file.

761 Steelunacy the Firebug (level 7, 0/51 HPs)
             Began as a Demigod Fire Elementalist on Oct 14, 2014.
             Succumbed to a kobold's poison
             ... on level 5 of the Dungeon.
             The game lasted 01:00:20 (4145 turns).

Steelunacy the Firebug (Demigod Fire Elementalist)  Turns: 4145, Time: 01:00:20

Health: 0/51       AC: 12    Str: 11    XL:     7   Next: 26%
Magic:  10/18      EV:  9    Int: 23    God:
Gold:   322        SH:  0    Dex: 16    Spells: 2 memorised, 9 levels left

rFire  . . .     SeeInvis .     b - +2 dagger (protect)
rCold  . . .     Clarity  +     h - +2 ring mail
rNeg   . . .     SustAb   +     (no shield)
rPois  .         Gourm    .     (no helmet)
rElec  .         Spirit   .     (no cloak)
rCorr  .         Warding  .     (no gloves)
rMut   .         Stasis   .     (no boots)
MR     .....                    k - amulet of clarity
Stlth  ++........               (no ring)
                                (no ring)

@: lethally poisoned, not resistant to hostile enchantments, unstealthy
A: sustain abilities
a: no special abilities


You were on level 5 of the Dungeon.
You were not hungry.

You visited 1 branch of the dungeon, and saw 5 of its levels.

You collected 322 gold pieces.

Inventory:

Hand weapons
 a - a +0 hunting sling
 b - a +2 dagger of protection (weapon)
 c - a +2 dagger of venom
 n - a +0 blowgun
Missiles
 d - 127 stones (quivered)
 g - 7 javelins
 l - a throwing net
 o - a poisoned needle
 u - 43 arrows
 v - 5 needles of slowing
 z - 8 sling bullets
Armour
 e - a +0 robe
 h - a +2 ring mail (worn)
 m - a +1 ring mail of poison resistance
 y - a +0 chain mail
Jewellery
 k - an amulet of clarity (around neck)
Magical devices
 j - a wand of frost (38)
Scrolls
 p - a scroll of teleportation
 x - 4 scrolls of remove curse
Books
 f - a book of Flames

   Spells                             Type                      Level
   *Flame Tongue                      Conjuration/Fire             1
   *Throw Flame                       Conjuration/Fire             2
   Conjure Flame                      Conjuration/Fire             3
   Inner Flame                        Hexes/Fire                   3
   Sticky Flame                       Conjuration/Fire             4
   Fireball                           Conjuration/Fire             5
Comestibles
 i - 3 meat rations
 q - 2 bread rations
 s - 2 beef jerkies


   Skills:
 + Level 0.5 Fighting
 + Level 0.5 Short Blades
 + Level 1.9 Slings
 + Level 2.5 Armour
 + Level 3.4 Dodging
 + Level 2.3 Stealth
 + Level 3.2 Spellcasting
 + Level 3.1 Conjurations
 + Level 4.1 Fire Magic
 + Level 1.1 Evocations


You had 9 spell levels left.
You knew the following spells:

 Your Spells              Type           Power        Failure   Level  Hunger
a - Flame Tongue          Conj/Fire      ###..        6%          1    None
b - Throw Flame           Conj/Fire      ###...       10%         2    #......


Dungeon Overview and Level Annotations

Branches:
Dungeon (5/15)             Temple (0/1) D:4


Innate Abilities, Weirdness & Mutations

Your attributes are resistant to harm.


Message History

* * * LOW HITPOINT WARNING * * *
You feel sick. The kobold hits you but does no damage.
You hit the kobold.
You kill the kobold!
* * * LOW HITPOINT WARNING * * *
You feel sick.
You continue eating.
* * * LOW HITPOINT WARNING * * *
You feel sick.
You continue eating.
* * * LOW HITPOINT WARNING * * *
You feel sick.
You continue eating.
You finish eating.
That bread ration really hit the spot!
* * * LOW HITPOINT WARNING * * *
You feel sick.
Things that are here:
an uncursed blowgun; a poisoned needle
n - an uncursed blowgun;
o - a poisoned needle You die...

.)........ # . ...).##...
.. ... .###..#. .. #?. .
......... .. #.#.#..
#####.##.. #. #.#.#.# .#
.##..##. #.#...#
............. ......##
######.#.#.#.#####........
#.#.#...(..@).#
#.#.###.##....#
#.#.##..##...## #
#.#.#...#...##
######...........##
........#......#..###
######..#.....###...# #
###..#.#...# #...# #
##......###.###...#


There were no monsters in sight!

Vanquished Creatures
  A phantom (D:5)
  A centaur (D:5)
  A giant frog (D:5)
  2 vampire bats (D:3)
  2 centaur zombies (D:5)
  A crimson imp (D:5)
  A hound (D:4)
  2 orc priests (D:4)
  2 iguanas (D:5)
  An orc wizard (D:4)
  An ogre skeleton (D:4)
  4 gnolls (D:5)
  A shadow imp (D:5)
  3 adders
  2 worms (D:3)
  4 giant geckos (D:1)
  An ooze (D:2)
  6 orcs
  3 ball pythons (D:2)
  7 bats
  3 bat skeletons (D:3)
  3 bat zombies (D:3)
  6 giant cockroaches
  4 hobgoblins
  10 jackals
  14 kobolds
  2 quokkas
  6 giant newts
  16 goblins
  5 rats
  2 rat skeletons (D:4)
117 creatures vanquished.

Vanquished Creatures (others)
  A quokka (D:5)
1 creature vanquished.

Grand Total: 118 creatures vanquished

Notes
Turn   | Place    | Note
--------------------------------------------------------------
     0 | D:1      | Steelunacy, the Demigod Fire Elementalist, began the quest for the Orb.
     0 | D:1      | Reached XP level 1. HP: 14/14 MP: 3/3
    76 | D:1      | Reached skill level 1 in Conjurations
    95 | D:1      | Reached skill level 3 in Fire Magic
   213 | D:1      | Reached XP level 2. HP: 5/20 MP: 4/4
   898 | D:1      | Reached XP level 3. HP: 11/26 MP: 3/7
  1087 | D:2      | Reached skill level 1 in Slings
  1408 | D:2      | Learned a level 2 spell: Throw Flame
  1746 | D:2      | Found a radiant altar of Vehumet.
  1877 | D:3      | Reached XP level 4. HP: 27/33 MP: 6/10
  2047 | D:3      | Found a sacrificial altar of Ru.
  2668 | D:3      | Found an ancient bone altar of Kikubaaqudgha.
  2692 | D:3      | Reached skill level 1 in Armour
  2692 | D:3      | Reached XP level 5. HP: 29/38 MP: 1/12
  2900 | D:4      | Found an opulent altar of Gozag.
  3054 | D:4      | Found a staircase to the Ecumenical Temple.
  3172 | D:4      | Found a sparkling altar of Nemelex Xobeh.
  3273 | D:4      | Reached XP level 6. HP: 43/46 MP: 7/15
  3452 | D:5      | Entered Level 5 of the Dungeon
  3468 | D:5      | Found a glowing silver altar of Zin.
  3488 | D:5      | Found a white marble altar of Elyvilon.
  3996 | D:5      | Reached XP level 7. HP: 51/51 MP: 2/18
  4079 | D:5      | Reached skill level 4 in Fire Magic
  4079 | D:5      | Reached skill level 1 in Evocations
  4141 | D:5      | HP: 2/51 [poisoned by a kobold]
  4145 | D:5      | Succumbed to a kobold's poison

Action                   |  1- 3 |  4- 6 |  7- 9 || total
-------------------------+-------+-------+-------++-------
Melee: Unarmed           |    17 |       |       ||    17
       Short sword       |     2 |       |       ||     2
       Dagger            |     4 |    57 |    47 ||   108
 Fire: Hunting sling     |   145 |     7 |       ||   152
 Cast: Flame Tongue      |    56 |    69 |    14 ||   139
       Throw Flame       |     3 |    49 |       ||    52
Evoke: Wand              |       |     8 |     1 ||     9
  Use: Scroll            |     9 |     8 |       ||    17
       Potion            |     3 |     5 |       ||     8
 Stab: Sleeping          |       |     1 |       ||     1
  Eat: Bread ration      |     1 |     1 |     1 ||     3
       Pizza             |       |     2 |       ||     2
